 Dungeon Crawl Stone Soup version 0.29-a0-845-g6161e89988 (webtiles) character file.

Game seed: 8538558173079165798

173 zishaf the Trooper (level 5, 0/48 HPs)
             Began as a Ghoul Warper on July 15, 2022.
             Slain by Sigmund
             ... wielding a +2 scythe of freezing
              (4 damage)
             ... on level 3 of the Dungeon.
             The game lasted 00:03:16 (2856 turns).

zishaf the Trooper (Ghoul Warper)                   Turns: 2856, Time: 00:03:17

Health: 0/48       AC:  7    Str: 17    XL:     5   Next: 53%
Magic:  15/15      EV: 10    Int: 10    God:
Gold:   63         SH:  0    Dex:  5    Spells: 7/7 levels left

rFire   . . .      SeeInvis .   g - +2 short sword (drain)
rCold   + . .      Faith    .   (no shield)
rNeg    + + +      Spirit   .   j - +1 ring mail of the Robin {Rampage MP+9 Int+2 Dex-3}
rPois   ∞          Reflect  .   (no helmet)
rElec   .          Harm     .   (no cloak)
rCorr   .          Rampage  +   k - +0 pair of gloves
Will    .....                   (no boots)
Stlth   ..........              (no amulet)
HPRegen 0.00/turn               i - ring of wizardry
MPRegen 0.14/turn               (no ring)

@: confused, inhibited regen
A: claws 1, cold resistance 1, negative energy resistance 3, inhibited
regeneration, torment resistance 2, devour on kill
a: no special abilities


You were on level 3 of the Dungeon.
You visited 1 branch of the dungeon, and saw 3 of its levels.

You collected 63 gold pieces.

Inventory:

Hand Weapons
 g - a +2 short sword of draining (weapon)
Missiles
 c - 7 boomerangs of dispersal (quivered)
Armour
 a - a +0 leather armour
 h - a +0 ring mail
 j - the +1 ring mail of the Robin (worn) {Rampage MP+9 Int+2 Dex-3}
   (You found it on level 2 of the Dungeon)

   Int:       It affects your intelligence (+2).
   Dex:       It affects your dexterity (-3).
   MP:        It affects your magic capacity (+9).
   Rampage:   It bestows one free step when moving towards enemies.
 k - a +0 pair of gloves (worn)
Jewellery
 i - a ring of wizardry (left hand)
Scrolls
 b - a scroll of blinking
 l - 2 scrolls of identify {unknown}
 n - a scroll of teleportation {unknown}
 o - a scroll of poison {unknown}
Potions
 d - 2 potions of curing {unknown}
 e - 2 potions of mutation {unknown}
 f - a potion of might {unknown}
 m - 2 potions of resistance {unknown}


   Skills:
 * Level 5.0 Fighting
 + Level 2.6 Throwing
 - Level 0.8 Armour
 - Level 1.7 Dodging
 - Level 2.6 Unarmed Combat
 - Level 1.7 Spellcasting
 - Level 2.6 Translocations


You had 7 spell levels left.
You didn't know any spells.
Your spell library contained the following spells:

 Spells                   Type           Power      Damage    Failure   Level
 Blink                    Tloc           12%        N/A       12%         2
 Shock                    Conj/Air       0%         1d3       24%         1
 Gell's Gravitas          Tloc           6%         N/A       24%         3
 Lesser Beckoning         Tloc           6%         N/A       24%         3
 Teleport Other           Tloc           6%         N/A       24%         3
 Swiftness                Air            0%         N/A       54%         3
 Manifold Assault         Tloc           6%         N/A       89%         5
 Airstrike                Air            0%         0-1+      90%         4


Dungeon Overview and Level Annotations

Branches:
Dungeon (3/15)

Altars:

Shops:
D:3 =

Annotations:
D:3 Sigmund


Innate Abilities, Weirdness & Mutations

You are immune to poison.
You have sharp fingernails.
Your flesh is cold resistant. (rC+)
You are immune to negative energy. (rN+++)
You do not regenerate when monsters are visible.
You are immune to unholy pain and torment.
You thrive by killing the living.


Message History

Sigmund seems to speed up.
Sigmund gestures wildly while chanting.
Sigmund flickers and vanishes!
Deactivating autopickup; reactivate with Ctrl-A.
You are more confused.
You're too confused to move!
You bump into the rock wall.
You hear some strange, mumbled words.
Something tries to affect you, but you resist.
Something hits you.
You hear some strange, mumbled words.
Something tries to affect you, but you resist.
You see here 9 gold pieces.
Something hits you but does no damage. Something completely misses you.
Something hits you. Something freezes you.
You see here 9 gold pieces.
You bump into the rock wall.
You feel less confused.
You hear some strange, mumbled words.
You are confused.
You barely miss something. Something hits you. Something freezes you.
Something hits you. Something freezes you.
Something hits you but does no damage. Something hits you but does no damage.
Something hits you but does no damage.
You hear some strange, mumbled words.
You are more confused.
Something hits you but does no damage.
You hear some strange, mumbled words.
Something tries to affect you, but you resist.
Something hits you. Something freezes you. Something hits you.
Something freezes you. Something hits you!
* * * LOW HITPOINT WARNING * * *
Something freezes you.
* * * LOW HITPOINT WARNING * * *
You see here 9 gold pieces.
You completely miss something. Something hits you.
You die...

## #.. #... #...#####
#.......###....#
.........##....#
..........#....##
#.........#.....#
#........@#.....#
#.......{.#.....# ..
#.........#.....## ...
#................#####....
#.>.......##.....≈....<...
#.........###.##≈≈≈.......
.......†..# #...#≈≈≈≈..≈..
#.........# ###....≈≈≈≈≈≈.
##.......## #.........≈≈


There were no monsters in sight!

Vanquished Creatures
  An orc priest (D:3)
  An orc wizard (D:3)
  4 adders
  A worm (D:2)
  A dart slug (D:2)
  4 orcs
  3 bats
  8 endoplasms
  2 giant cockroaches (D:1)
  5 goblins
  7 hobgoblins
  7 jackals
  8 kobolds
  2 quokkas (D:1)
  9 ball pythons
  6 frilled lizards
  5 rats
74 creatures vanquished.

Vanquished Creatures (others)
  6 plants (D:1)
6 creatures vanquished.

Grand Total: 80 creatures vanquished

Notes
Turn   | Place    | Note
-------+----------+-------------------------------------------
     0 | D:1      | zishaf the Ghoul Warper began the quest for the Orb.
     0 | D:1      | Reached XP level 1. HP: 17/17 MP: 2/2
    24 | D:1      | Reached skill level 1 in Throwing
   158 | D:1      | Reached XP level 2. HP: 25/25 MP: 3/3
   314 | D:1      | Reached skill level 3 in Fighting
   466 | D:1      | Reached XP level 3. HP: 28/31 MP: 4/4
  1345 | D:2      | Reached XP level 4. HP: 31/40 MP: 5/5
  1455 | D:2      | Found a faded altar of an unknown god.
  1455 | D:2      | Identified the +1 ring mail of the Robin {Rampage MP+9
                  | Int+2 Dex-3}
  1545 | D:2      | Reached skill level 4 in Fighting
  2421 | D:3      | Reached XP level 5. HP: 30/47 MP: 6/6
  2709 | D:3      | Found Otaih's Jewellery Boutique.
  2786 | D:3      | Reached skill level 5 in Fighting
  2830 | D:3      | Noticed Sigmund
  2856 | D:3      | Slain by Sigmund

Illustrated notes

Levels and vault maps discovered:
D:1:      dpeg_arrival_tiny_a, layout_loops_ring, lexackson_kobold_supper
D:2:      layout_basic, ebering_ecumenical_altar_webs
D:3:      layout_rooms, serial_shops, shop, chequers_serial_rivers_small_a,
          nicolae_concentric_dashed_squares_mild,
          chequers_serial_rivers_large_b, uniq_sigmund, uniq_robin, uniq_ijyb

Skill      XL: |  1  2  3  4  5 |
---------------+----------------+-----
Throwing       | 1 2 |  2.6
Fighting       | 3 4 5 |  5.0
Armour         | |  0.8
Dodging        | |  1.7
Unarmed Combat | |  2.6
Spellcasting   | |  1.7
Translocations | |  2.6

Action                   |  1- 3 |  4- 6 || total
-------------------------+-------+-------++-------
Melee: Unarmed           |    61 |       ||    61
       Short sword       |    66 |   147 ||   213
       Punch             |     1 |     1 ||     2
Armor: Leather armour    |    18 |       ||    18
       Ring mail         |    12 |    91 ||   103
Dodge: Dodged            |    62 |    97 ||   159

Table legend: (Time is in decaauts)
 A = Elapsed time spent in this place.
 B = Non-inter-level travel time spent in this place.
 C = Inter-level travel time spent in this place.
 D = Time resting spent in this place.
 E = Time spent auto-exploring this place.
 F = Levels seen in this place.
 G = Mean time per level.
                   A        B        C        D        E       F      G
               +--------+--------+--------+--------+--------+-----+--------+
         Total |   2876 |   2782 |     94 |    631 |   1567 |   3 |  958.7 |
       Dungeon |   2876 |   2782 |     94 |    631 |   1567 |   3 |  958.7 |
               +--------+--------+--------+--------+--------+-----+--------+

Top non-repeatable levels by time:
     D:2: 1454 daAuts
     D:1: 1167 daAuts
     D:3: 254 daAuts
